 Dungeon Crawl Stone Soup version 0.29.1-15-g9cfb28693d (webtiles) character file.

Game seed: 6233186308893552675

22 javelincjr the Magician (level 2, -1/20 HPs)
             Began as a Demonspawn Hedge Wizard on Apr 26, 2023.
             Was a Follower of Vehumet.
             Slain by an adder (2 damage)
             ... on level 2 of the Dungeon.
             The game lasted 00:02:06 (1094 turns).

javelincjr the Magician (Demonspawn Hedge Wizard)   Turns: 1094, Time: 00:02:07

Health: -1/20      AC:  2    Str: 10    XL:     2   Next: 68%
Magic:  0/6        EV: 12    Int: 15    God:    Vehumet [*.....]
Gold:   63         SH:  0    Dex: 12    Spells: 6/7 levels left

rFire   + . .      SeeInvis .   a - +0 dagger
rCold   x . .      Faith    .   (no shield)
rNeg    . . .      Spirit   .   b - +0 robe
rPois   .          Reflect  .   c - +0 hat
rElec   .          Harm     .   (no cloak)
rCorr   .          Rampage  .   (no gloves)
Will    .....                   (no boots)
Stlth   ++........              (no amulet)
HPRegen 0.06/turn               i - ring of fire
MPRegen 0.10/turn               (no ring)

@: lethally poisoned (-1 -> -6)
A: hooves 1
a: Renounce Religion


You were on level 2 of the Dungeon.
You worshipped Vehumet.
Vehumet was aware of your devotion.
You visited 1 branch of the dungeon, and saw 2 of its levels.

You collected 63 gold pieces.

Inventory:

Hand Weapons
 a - a +0 dagger (weapon)
Missiles
 j - a throwing net
Armour
 b - a +0 robe (worn)
 c - a +0 hat (worn)
 e - a +0 pair of gloves
Jewellery
 i - a ring of fire (left hand)
Scrolls
 f - a scroll of fog {unknown}
 g - 2 scrolls of enchant armour {unknown}
 m - a scroll of identify {unknown}
 n - a scroll of acquirement {unknown}
Potions
 d - a potion of magic
 h - a potion of curing {unknown}
 k - a potion of mutation {unknown}
 l - a potion of resistance {unknown}
 o - a potion of flight {unknown}


   Skills:
 * Level 0.9 Fighting
 + Level 0.3 Armour
 + Level 1.9 Dodging
 - Level 1.7 Stealth
 * Level 3.2 Spellcasting
 + Level 1.2 Conjurations
 + Level 1.3 Summonings
 + Level 1.1 Translocations


You had 6 spell levels left.
You knew the following spells:

 Your Spells              Type           Power      Damage    Failure   Level
a - Magic Dart            Conj           24%        1d4       12%         1

Your spell library contained the following spells:

 Spells                   Type           Power      Damage    Failure   Level
 Shock                    Conj/Air       16%        1d4       16%         1
 Call Imp                 Summ           6%         N/A       17%         2
 Blink                    Tloc           10%        N/A       19%         2
 Slow                     Hex            8%         N/A       21%         1
 Conjure Flame            Conj/Fire      6%         6-21      41%         3
 Mephitic Cloud           Conj/Pois/Air  3%         N/A       45%         3


Dungeon Overview and Level Annotations

Branches:
Dungeon (2/15)

Altars:
Vehumet


Innate Abilities, Weirdness & Mutations

You have large cloven feet.


Message History

The bat attacks as you move away! The bat hits you. x2
Your magical contamination has completely faded away.
The bat hits you.
You hit the bat. Your kick misses the bat.
The bat is severely wounded.
The bat hits you. The adder completely misses you.
The adder attacks as you move away! The adder barely misses you.
The bat attacks as you move away! The bat misses you.
The bat hits you but does no damage. x2
You hit the bat.
You kill the bat!
Vehumet accepts your kill.
You closely miss the adder. You kick the adder.
The adder is lightly wounded.
The adder bites you. x2
You are poisoned.
The adder poisons you!
Casting: Magic Dart (safe; 12% risk of failure)
Confirm with . or Enter, or press ? or * to list all spells.
Aiming: Magic Dart (safe; 12% risk of failure)
Press: ? - help, Shift-Dir - straight line, f - adder
Aim: an adder (lightly wounded, 100% to hit)
The magic dart hits the adder but does no damage.
The adder is lightly wounded.
You feel sick. The adder misses you.
You hit the adder.
The adder is moderately wounded.
You feel sick. The adder bites you.
* * * LOW HITPOINT WARNING * * *
You are lethally poisoned!
The adder poisons you!
Casting: Magic Dart (safe; 12% risk of failure)
Confirm with . or Enter, or press ? or * to list all spells.
You don't have enough magic to cast this spell.
Unknown command.
You closely miss the adder.
The adder is moderately wounded.
* * * LOW HITPOINT WARNING * * *
You feel sick. The adder bites you.
You die...

...#.....
#........
+........
#.)......
#.)...... ##.#
#..# ###
#.S###.#####..#
#.#@..#.......#
##..8.⌠######..
#.8..######
#...#∩#⌠#.#
#.#⌠#_#...#
######..8.#
#⌠.8..#
##...#.#
#####.###.##


You could see an adder.

Vanquished Creatures
  3 ball pythons
  2 bats (D:2)
  2 endoplasms
  4 goblins (D:1)
  A hobgoblin (D:2)
  A quokka (D:2)
  3 frilled lizards (D:1)
  3 kobolds
  A rat (D:1)
20 creatures vanquished.

Vanquished Creatures (others)
  2 plants (D:1)
2 creatures vanquished.

Grand Total: 22 creatures vanquished

Notes
Turn   | Place    | Note
-------+----------+-------------------------------------------
     0 | D:1      | javelincjr the Demonspawn Hedge Wizard began the quest for
                  | the Orb.
     0 | D:1      | Reached XP level 1. HP: 13/13 MP: 4/4
   182 | D:1      | Reached skill level 1 in Translocations
   330 | D:1      | Gained mutation: You have large cloven feet. [demonic
                  | ancestry]
   330 | D:1      | Reached XP level 2. HP: 20/20 MP: 0/6
  1013 | D:2      | Found a faded altar of an unknown god.
  1017 | D:2      | Prayed at the altar of an unknown god.
  1017 | D:2      | Became a worshipper of Vehumet
  1017 | D:2      | Reached * piety under Vehumet
  1017 | D:2      | Offered knowledge of Shock by Vehumet.
  1094 | D:2      | HP: 1/20 [poisoned by an adder]
  1094 | D:2      | Slain by an adder

Illustrated notes

Levels and vault maps discovered:
D:1:      psy_arrival_conway, layout_rooms, serial_glass, glass_columns_a,
          glass_columns_a
D:2:      layout_basic, serial_shops, shop, shapermc_ecumenical_altar_venn

Skill      XL: |  1 |
---------------+----+-----
Translocations | 1 |  1.1
Fighting       | |  0.9
Armour         | |  0.3
Dodging        | |  1.9
Stealth        | |  1.7
Spellcasting   | |  3.2
Conjurations   | |  1.2
Summonings     | |  1.3

Action                   || total
-------------------------++-------
Melee: Dagger            ||    24
       Punch             ||     1
       Kick              ||     3
 Cast: Magic Dart        ||    38
Armor: Robe              ||     5
Dodge: Dodged            ||    17
